 Dungeon Crawl Stone Soup version 0.26.0-10-g1f06aea511 (webtiles) character file.

Game seed: 5895338243928402019

109 shakesphere1979 the Chiller (level 5, -3/35 HPs)
             Began as a Human Ice Elementalist on Jan 13, 2021.
             Killed from afar by a white imp (5 damage)
             ... with a puff of frost
             ... on level 4 of the Dungeon.
             The game lasted 00:12:59 (3917 turns).

shakesphere1979 the Chiller (HuIE)                  Turns: 3917, Time: 00:13:00

Health: -3/35      AC:  2    Str:  8    XL:     5   Next: 13%
Magic:  6/9        EV: 13    Int: 17    God:
Gold:   68         SH:  0    Dex: 13    Spells: 2/9 levels left

rFire    . . .     SeeInvis .   p - +0 falchion
rCold    . . .     Faith    .   (no shield)
rNeg     . . .     Spirit   .   a - +0 robe
rPois    .         Reflect  .   (no helmet)
rElec    .         Harm     .   (no cloak)
rCorr    .         Rampage  .   (no gloves)
Will     .....                  (no boots)
Stlth    ++........             (no amulet)
HPRegen  0.11/turn              (no ring)
MPRegen  0.11/turn              (no ring)

@: flying
A: no striking features
a: no special abilities


You were on level 4 of the Dungeon.
You visited 1 branch of the dungeon, and saw 4 of its levels.

You collected 68 gold pieces.

Inventory:

Hand Weapons
 g - a cursed +0 hunting sling
 k - a +0 short sword
 p - a +0 falchion (weapon)
Missiles
 d - 20 arrows
 e - 33 bolts
 h - 132 stones
 j - 31 sling bullets
Armour
 a - a +0 robe (worn)
Jewellery
 o - a +4 ring of protection
Scrolls
 b - a scroll of fear
 c - a scroll of enchant armour {unknown}
 f - 3 scrolls of identify
 l - a scroll of teleportation
 m - a scroll of remove curse {unknown}
 q - a scroll of fog {unknown}
Potions
 i - a potion of cancellation
 n - a potion of flight


   Skills:
 - Level 0.1 Short Blades
 + Level 2.6 Dodging
 + Level 2.9 Stealth
 + Level 2.8 Spellcasting
 + Level 4.8 Ice Magic


You had 2 spell levels left.
You knew the following spells:

 Your Spells              Type           Power        Failure   Level
a - Freeze                Ice            72%          2%          1
b - Frozen Ramparts       Ice            36%          8%          3
c - Ozocubu's Armour      Ice            18%          8%          3

Your spell library contained the following spells:

 Spells                   Type           Power        Failure   Level
 Hailstorm                Conj/Ice       10%          54%         4
 Summon Ice Beast         Ice/Summ       10%          54%         4


Dungeon Overview and Level Annotations

Branches:
Dungeon (4/15)
 Temple: D:4-7

Altars:
Ashenzari
Cheibriados
Fedhas
Nemelex Xobeh
Okawaru

Annotations:
D:3 Sigmund


Message History

The white imp is severely wounded.
The frozen ramparts melt away.
The white imp closely misses you.
You riposte.
You closely miss the white imp.
The white imp is severely wounded.
You hit the white imp but do no damage.
The white imp is severely wounded.
The white imp hits you.
* * * LOW HITPOINT WARNING * * *
The white imp freezes you.
* * * LOW HITPOINT WARNING * * *
It was a potion of flight.
You feel very buoyant.
You fly up into the air.
The white imp hits you.
* * * LOW HITPOINT WARNING * * *
The white imp freezes you.
* * * LOW HITPOINT WARNING * * *
You see here 17 bolts.
The white imp gestures at you. The puff of frost hits you.
You die...

.................. ..
..........# .....# ##..
#...<....####....# #...
#.........##.....###..#
..........#...##......#
..........†...##....#
..............#.....#
....................##.##
............>..#@(5.....#
............<..###.#.)..#
#........#.......#.....##
......###............#
.....# #.......##...#
...# ##......# ..## ##.
#....... ..# #.... .##


You could see a white imp.

Vanquished Creatures
  4 adders
  2 worms (D:2)
  2 dart slugs
  2 orcs (D:3)
  A ball python (D:3)
  3 bats
  5 giant cockroaches
  6 goblins
  10 hobgoblins
  4 jackals
  3 quokkas (D:2)
  5 frilled lizards
  8 kobolds
  3 rats
58 creatures vanquished.

Notes
Turn   | Place    | Note
-------+----------+-------------------------------------------
     0 | D:1      | shakesphere1979 the Human Ice Elementalist began the quest
                  | for the Orb.
     0 | D:1      | Reached XP level 1. HP: 13/13 MP: 3/3
   106 | D:1      | Reached XP level 2. HP: 14/19 MP: 0/5
   971 | D:1      | Reached XP level 3. HP: 24/24 MP: 6/6
   975 | D:1      | Learned a level 3 spell: Frozen Ramparts
  1277 | D:2      | Found a blossoming altar of Fedhas.
  1278 | D:2      | Found a sparkling altar of Nemelex Xobeh.
  1278 | D:2      | Found a snail-covered altar of Cheibriados.
  1279 | D:2      | Found a broken altar of Ashenzari.
  1923 | D:2      | Reached XP level 4. HP: 15/30 MP: 4/7
  2225 | D:3      | Learned a level 3 spell: Ozocubu's Armour
  2728 | D:3      | Found an iron altar of Okawaru.
  2932 | D:3      | Noticed Sigmund
  3289 | D:3      | Reached XP level 5. HP: 31/35 MP: 6/9
  3917 | D:4      | Killed from afar by a white imp

Illustrated notes

Levels and vault maps discovered:
D:1:      wander_arrival_desolate, layout_loops_cross
D:2:      layout_basic, chequers_temple_overflow_statue_of_worship,
          kennysheep_potato
D:3:      layout_basic, okawaru_altar_gauntlet_db, uniq_sigmund
D:4:      layout_cave_pools, uniq_eustachio

Action                   |  1- 3 |  4- 6 || total
-------------------------+-------+-------++-------
Melee: Short sword       |    76 |    24 ||   100
       Hand axe          |     4 |       ||     4
       Falchion          |       |    36 ||    36
 Cast: Freeze            |    36 |    23 ||    59
       Frozen Ramparts   |       |     5 ||     5
  Use: Scroll            |       |     3 ||     3
       Potion            |       |     1 ||     1
 Stab: Sleeping          |     5 |     1 ||     6
Armor: Robe              |    13 |    21 ||    34
Dodge: Dodged            |    77 |    78 ||   155
       Rpst.: Falchion   |       |    19 ||    19
